 Dungeon Sprint DCSS version 0.30-a0-737-gf23d94013f (webtiles) character file.

Game seed: 1631056166241412092

434 sircluck the Shield-Bearer (level 6, -1/68 HPs)
             Began as a Troll Fighter on Feb 2, 2023.
             Slain by a centaur warrior (5 damage)
             ... in the Dungeon (Sprint I: "Red Sonja").
             The game lasted 00:01:30 (135 turns).

sircluck the Shield-Bearer (Troll Fighter)           Turns: 135, Time: 00:01:31

Health: -1/68      AC:  4    Str: 27    XL:     6   Next: 67%
Magic:  5/5        EV: 10    Int:  4    God:
Gold:   332        SH:  9    Dex:  9    Spells: 5/5 levels left

rFire   . . .      SeeInvis .      - Unarmed
rCold   . . .      Faith    .    b - +0 kite shield
rNeg    . . .      Spirit   .    a - +0 robe
rPois   .          Reflect  .    (helmet restricted)
rElec   .          Harm     .    (no cloak)
rCorr   .          Rampage  .    (gloves unavailable)
Will    .....      NoTele   +    (boots unavailable)
Stlth   +                        (no amulet)
HPRegen 1.11/turn                (no ring)
MPRegen 0.09/turn                (no ring)

@: no status effects
A: large, unfitting armour, claws 3, regeneration 1, shaggy fur 1, tough skin 1
a: no special abilities


You were in the Dungeon.
You visited 1 branch You collected 332 gold pieces.

Inventory:

Hand Weapons
 k - a +0 giant spiked club
Armour
 a - a +0 robe (worn)
 b - a +0 kite shield (worn)
Wands
 j - a wand of flame (20)
Scrolls
 i - a scroll of blinking
Potions
 c - a potion of might
 e - a potion of heal wounds
 f - a potion of haste
 g - 2 potions of magic
 h - a potion of berserk rage


   Skills:
 + Level 6.9 Fighting
 + Level 7.1 Dodging
 + Level 0.3 Stealth
 + Level 7.4 Shields
 + Level 5.6 Unarmed Combat


You had 5 spell levels left.
You didn't know any spells.
Your spell library was empty.

Dungeon Overview and Level Annotations

Branches:
Dungeon (1/1)

Altars:
Cheibriados
Dithmenos
Elyvilon
Fedhas
Gozag
Hepliaklqana
Kikubaaqudgha
Nemelex Xobeh
Okawaru
Qazlal
Ru
Sif Muna
Trog
Uskayaw
Vehumet
Wu Jian
Yredelemnul
Zin
The Shining One

Shops:
D =


Innate Abilities, Weirdness & Mutations

You are too large for most types of armour.
You have claws for hands.
Your natural rate of healing is unusually fast.
You are covered in fur. (AC +1)
You have tough skin. (AC +1)


Message History

There is a shimmering blue altar of Sif Muna here.
You now have 316 gold pieces (gained 19).
You now have 332 gold pieces (gained 16).
There is an open door here.
You open the door. 2 centaur warriors come into view.
The centaur warrior shouts! x2
The centaur warrior wields a +0 longbow.
The centaur warrior shoots an arrow.
You block the arrow.
The centaur warrior wields a +0 longbow.
The centaur warrior shoots an arrow.
The arrow closely misses you.
The centaur warrior shoots an arrow.
The arrow barely misses you.
The centaur warrior shoots an arrow.
The arrow hits you!!
Okay, then.
You close the door.
Something unseen breaks down the door.
The centaur warrior shoots an arrow.
You block the arrow.
There is an open door here.
The centaur warrior shoots an arrow.
You block the arrow.
The centaur warrior unwields a +0 longbow.
The centaur warrior hits you.
The centaur warrior completely misses you.
You mangle the centaur warrior!!
The centaur warrior is moderately wounded.
The centaur warrior hits you. The centaur warrior kicks you.
You barely miss the centaur warrior.
The centaur warrior is moderately wounded.
The centaur warrior shoots an arrow.
The arrow hits you!!
* * * LOW HITPOINT WARNING * * *
The centaur warrior hits you.
* * * LOW HITPOINT WARNING * * *
You block the centaur warrior's attack.
The centaur warrior shoots an arrow.
The arrow hits you.
* * * LOW HITPOINT WARNING * * *
You feel better. The centaur warrior hits you.
* * * LOW HITPOINT WARNING * * *
The centaur warrior kicks you.
* * * LOW HITPOINT WARNING * * *
The centaur warrior hits you.
You die...

################
#<.#..'..#..'..#
#..').#..').#..+
#..#####'#####'# #
#..####..#...#.# ##$$#
#..#__####..##@#~§§§c#
#..#_____##'#§cc§§§§§+
#⌠⌠#_.∩...†...§#§§§§c#
####_..__##_.#+##+##
#_____###+# #######


You could see 2 centaur warriors.

Vanquished Creatures
  Sigmund (D)
  A yak (D)
  An ogre (D)
  A jelly (D)
  Ijyb (D)
5 creatures vanquished.

Notes
Turn   | Place    | Note
-------+----------+-------------------------------------------
     0 | D        | sircluck the Troll Fighter began the quest for the Orb.
     0 | D        | Reached XP level 1. HP: 22/22 MP: 0/0
     2 | D        | Noticed Ijyb
     6 | D        | Killed Ijyb
     7 | D        | Reached XP level 2. HP: 26/31 MP: 1/1
    11 | D        | Noticed an ogre
    15 | D        | Killed an ogre
    16 | D        | Reached skill level 5 in Shields
    16 | D        | Reached XP level 3. HP: 24/40 MP: 2/2
    16 | D        | Reached XP level 4. HP: 30/49 MP: 3/3
    43 | D        | Noticed Sigmund
    49 | D        | Killed Sigmund
    50 | D        | Reached XP level 5. HP: 59/59 MP: 4/4
    64 | D        | Found an ornate altar of the Wu Jian Council.
    64 | D        | Found a shimmering blue altar of Sif Muna.
    66 | D        | Found a radiant altar of Vehumet.
    73 | D        | Reached XP level 6. HP: 50/67 MP: 5/5
    96 | D        | Found Sohusi Doydo's Jewellery Emporium.
    96 | D        | Found an ancient bone altar of Kikubaaqudgha.
    96 | D        | Found a hazy altar of Hepliaklqana.
    96 | D        | Found a stormy altar of Qazlal.
    96 | D        | Found a hide-covered altar of Uskayaw.
    96 | D        | Found a blossoming altar of Fedhas.
    96 | D        | Found a bloodstained altar of Trog.
    96 | D        | Found an iron altar of Okawaru.
    96 | D        | Found a basalt altar of Yredelemnul.
    96 | D        | Found a glowing golden altar of the Shining One.
    96 | D        | Found a snail-covered altar of Cheibriados.
    96 | D        | Found a sacrificial altar of Ru.
    96 | D        | Found a glowing silver altar of Zin.
    96 | D        | Found a shadowy altar of Dithmenos.
    96 | D        | Found a white marble altar of Elyvilon.
    96 | D        | Noticed a yak
   101 | D        | Killed a yak
   102 | D        | Reached skill level 5 in Unarmed Combat
   102 | D        | Found an opulent altar of Gozag.
   103 | D        | Found a sparkling altar of Nemelex Xobeh.
   126 | D        | Noticed a centaur warrior
   126 | D        | Noticed a centaur warrior
   134 | D        | HP: 2/68 [centaur warrior/arrow (6)]
   135 | D        | Slain by a centaur warrior

Illustrated notes

Levels and vault maps discovered:
D:        dungeon_sprint_1 [red_sonja_temple_1, red_sonja_temple_small_1]

Skill      XL: |  1  2  3  4  5  6 |
---------------+-------------------+-----
Fighting       | 3 4 6 |  6.9
Dodging        | 3 4 6 7 |  7.1
Shields        | 3 5 6 7 |  7.4
Unarmed Combat | 3 4 5 |  5.6
Stealth        | |  0.3

Action                     |  1- 3 |  4- 6 || total
---------------------------+-------+-------++-------
  Melee: Unarmed           |     6 |    15 ||    21
    Use: Potion            |       |     1 ||     1
 Armour: Robe              |     1 |       ||     1
  Dodge: Dodged            |       |     7 ||     7
  Block: Kite shield       |     1 |     7 ||     8

Table legend: (Time is in decaauts)
 A = Elapsed time spent in this place.
 B = Non-inter-level travel time spent in this place.
 C = Inter-level travel time spent in this place.
 D = Time resting spent in this place.
 E = Time spent auto-exploring this place.
 F = Levels seen in this place.
 G = Mean time per level.
                   A        B        C        D        E       F      G
               +--------+--------+--------+--------+--------+-----+--------+
         Total |    136 |    136 |      0 |      0 |      0 |   1 |  136.0 |
       Dungeon |    136 |    136 |      0 |      0 |      0 |   1 |  136.0 |
               +--------+--------+--------+--------+--------+-----+--------+

Top non-repeatable levels by time:
       D: 136 daAuts
